 Dungeon Crawl Stone Soup version 0.30-a0-651-g0755cc6dcf (webtiles) character file.

Game seed: 17694847842255623345

3500 Oxelix the Cleaver (level 10, -4/93 HPs)
             Began as a Hill Orc Fighter on Jan 18, 2023.
             Was an Initiate of Ru.
             Slain by a vampire (5 damage)
             ... on level 8 of the Dungeon.
             The game lasted 00:17:14 (9215 turns).

Oxelix the Cleaver (Hill Orc Fighter)               Turns: 9215, Time: 00:17:15

Health: -4/93      AC: 13    Str: 24    XL:     10   Next: 7%
Magic:  10/10      EV: 10    Int:  8    God:    Ru [......]
Gold:   491        SH:  4    Dex: 10    Spells: 9/9 levels left

rFire   + . .      SeeInvis .    a - +0 war axe
rCold   + . .      Faith    .    c - +0 buckler
rNeg    . . .      Spirit   .    J - +0 swamp dragon scales
rPois   +          Reflect  .    A - +0 helmet
rElec   +          Harm     .    (no cloak)
rCorr   +          Rampage  .    o - +1 pair of gloves
Will    .....                    x - +0 pair of boots Stlth
                                 (no amulet)
HPRegen 0.35/turn                m - ring of poison resistance
MPRegen 0.12/turn                B - ring of flight

@: brilliant, resistant, flying
A: no stealth
a: Renounce Religion


You were on level 8 of the Dungeon.
You worshipped Ru.
Ru was noncommittal.
You visited 2 branches of the dungeon, and saw 9 of its levels.

You collected 598 gold pieces.
You spent 107 gold pieces at shops.

Inventory:

Hand Weapons
 a - a +0 war axe (weapon)
 F - a +0 short sword
 I - a +1 halberd of flaming
Missiles
 E - 34 poisoned darts (quivered)
Armour
 b - a +0 scale mail
 c - a +0 buckler (worn)
 o - a +1 pair of gloves (worn)
 x - a +0 pair of boots (worn)
 A - a +0 helmet (worn)
 J - +0 swamp dragon scales (worn)
 Q - a +0 plate armour
Jewellery
 m - a ring of poison resistance (left hand)
 B - a ring of flight (right hand)
 D - a ring of wizardry
 N - a ring of protection from cold
Wands
 p - a wand of digging (6)
 s - a wand of flame (32)
 v - a wand of iceblast (11)
 z - a wand of quicksilver (9)
 L - a wand of polymorph (8)
Scrolls
 e - 2 scrolls of immolation {unknown}
 g - 3 scrolls of teleportation
 i - a scroll of magic mapping {unknown}
 l - 2 scrolls of poison
 n - 2 scrolls of summoning
 q - a scroll of blinking {unknown}
 u - a scroll of noise {unknown}
 w - 3 scrolls of fog {unknown}
 y - 2 scrolls of enchant armour {unknown}
 G - a scroll of brand weapon {unknown}
 H - a scroll of enchant weapon {unknown}
 K - 6 scrolls of identify
 M - a scroll of torment {unknown}
 R - a scroll of fear {unknown}
Potions
 d - a potion of attraction {unknown}
 f - 4 potions of curing
 h - a potion of flight {unknown}
 k - a potion of haste {unknown}
 r - 4 potions of degeneration {unknown}
 t - a potion of brilliance
 O - a potion of mutation {unknown}
 P - a potion of ambrosia {unknown}


   Skills:
 + Level 10.0 Fighting
 * Level 14.2 Axes
 + Level 4.7 Armour
 + Level 4.7 Shields


You had 9 spell levels left.
You didn't know any spells.
Your spell library contained the following spells:

 Spells                   Type           Power      Damage    Failure   Level
 Freeze                   Ice            0%         1d3       65%         1
 Magic Dart               Conj           0%         1d3       65%         1
 Call Imp                 Summ           0%         N/A       78%         2
 Frozen Ramparts          Ice            0%         1d1       95%         3
 Hailstorm                Conj/Ice       0%         3d3       95%         3
 Mephitic Cloud           Conj/Pois/Air  0%         N/A       95%         3
 Ozocubu's Armour         Ice            0%         N/A       95%         3
 Ice Form                 Ice/Tmut       0%         N/A       100%        4
 Simulacrum               Ice/Necr       0%         N/A       100%        6
 Ozocubu's Refrigeration  Ice            0%         4d7       100%        7


Dungeon Overview and Level Annotations

Branches:
Dungeon (8/15)             Temple (1/1) D:7
   Lair: D:8-11

Altars:
Ashenzari
Cheibriados
Dithmenos
Elyvilon
Gozag
Hepliaklqana
Makhleb
Nemelex Xobeh
Okawaru
Qazlal
Ru
Sif Muna
Trog
Uskayaw
Vehumet
Wu Jian
Xom
Yredelemnul
Zin
The Shining One

Shops:
D:1 *   D:5 ?   D:7 *   D:8 =


Innate Abilities, Weirdness & Mutations

You cannot be stealthy.


Message History

Something draws strength from your injuries!
You miss something. Something hits you. Something bites you!
Something draws strength from your injuries!
You closely miss something. Something hits you!
* * * LOW HITPOINT WARNING * * *
Something bites you!
* * * LOW HITPOINT WARNING * * *
Something draws strength from your injuries!
You completely miss something. You block something's attack.
Something bites you.
* * * LOW HITPOINT WARNING * * *
Something draws strength from your injuries!
You feel much better.
A vampire appears from thin air!
Reactivating autopickup.
The vampire hits you. The vampire bites you!
The vampire draws strength from your injuries!
Okay, then.
You hit the vampire but do no damage. The vampire hits you!
* * * LOW HITPOINT WARNING * * *
The vampire bites you but does no damage.
You barely miss the vampire. You barely miss the vampire. The vampire hits you.
* * * LOW HITPOINT WARNING * * *
The vampire closely misses you.
It was a potion of brilliance.
You feel clever all of a sudden.
The vampire mumbles some strange words.
The vampire flickers and vanishes!
Deactivating autopickup; reactivate with Ctrl-A.
Something hits you.
* * * LOW HITPOINT WARNING * * *
Something bites you but does no damage. Something hits you but does no damage.
Something bites you!
* * * LOW HITPOINT WARNING * * *
Something draws strength from your injuries!
Something hits you but does no damage. Something bites you but does no damage.
Something hits you.
* * * LOW HITPOINT WARNING * * *
Something bites you.
You die...

###.### #.#..# #...###
#.... ......# #.#..#
#...# ##...
#.....########....###...#
##..
...................##...#
##.
#.....########...#.##...#
#+ #)....#
#...#.##...########.
#######
#...#.##............ #
#...#..>.......##### #
#..@.......##..# #
##...####...##..# #
#..###..###..#..#
#.##......##.#..#
#.....##........#
#....####.......#
##....####.......#####
#......##.............
#..##......##.#..#####


There were no monsters in sight!

Vanquished Creatures
  Joseph (D:7)
  Maggie (D:6)
  2 steam dragons
  4 ice beasts
  3 black bears
  3 sky beasts
  2 ogres
  5 kobold brigands
  A bullfrog (D:6)
  A scorpion (D:3)
  3 wights (D:7)
  4 hounds
  2 gnoll boudas
  3 iguanas
  5 orc wizards
  22 gnolls
  15 adders
  4 white imps
  3 worms
  3 dart slugs
  29 orcs
  7 ball pythons
  4 endoplasms
  A giant cockroach (D:1)
  2 goblins (D:2)
  8 hobgoblins
  60 kobolds
  3 quokkas
  2 bats (D:3)
  6 frilled lizards
  3 rats
212 creatures vanquished.

Vanquished Creatures (others)
  4 fungi (D:3)
4 creatures vanquished.

Grand Total: 216 creatures vanquished

Notes
Turn   | Place    | Note
-------+----------+-------------------------------------------
     0 | D:1      | Oxelix the Hill Orc Fighter began the quest for the Orb.
     0 | D:1      | Reached XP level 1. HP: 19/19 MP: 1/1
   100 | D:1      | Reached skill level 3 in Axes
   221 | D:1      | Reached XP level 2. HP: 27/27 MP: 2/2
   222 | D:1      | Found Qaxeodd's General Store.
   228 | D:1      | Bought a potion of curing for 30 gold pieces
   495 | D:1      | Found a faded altar of an unknown god.
   686 | D:2      | Reached skill level 4 in Axes
   686 | D:2      | Reached XP level 3. HP: 18/33 MP: 3/3
   866 | D:2      | Reached XP level 4. HP: 24/41 MP: 4/4
  1079 | D:2      | Reached skill level 5 in Axes
  1758 | D:3      | Reached XP level 5. HP: 46/47 MP: 5/5
  1780 | D:3      | Reached skill level 5 in Fighting
  1780 | D:3      | Reached skill level 6 in Axes
  2011 | D:3      | Found a glowing silver altar of Zin.
  2044 | D:3      | Found a shimmering altar of Xom.
  2046 | D:3      | Found a sacrificial altar of Ru.
  2052 | D:3      | Found a glowing golden altar of the Shining One.
  2057 | D:3      | Found a shadowy altar of Dithmenos.
  2149 | D:3      | Found an opulent altar of Gozag.
  2249 | D:3      | Found a burning altar of Makhleb.
  2409 | D:3      | Reached XP level 6. HP: 53/56 MP: 6/6
  2467 | D:3      | Became a worshipper of Ru the Awakened
  2676 | D:4      | Reached skill level 7 in Axes
  2684 | D:4      | HP: 2/56 [kobold brigand/+2 dagger of speed (5)]
  3323 | D:4      | Reached skill level 8 in Axes
  3323 | D:4      | Reached XP level 7. HP: 20/63 MP: 7/7
  3983 | D:5      | Entered Level 5 of the Dungeon
  4180 | D:5      | Reached skill level 9 in Axes
  4273 | D:5      | Gained mutation: You cannot be stealthy. [Ru sacrifice]
  4344 | D:5      | Reached XP level 8. HP: 73/73 MP: 8/8
  4498 | D:5      | Reached skill level 10 in Axes
  5170 | D:5      | Reached skill level 11 in Axes
  5436 | D:5      | Found Plog's Magic Scroll Shoppe.
  5449 | D:5      | Bought a scroll of identify for 22 gold pieces
  5449 | D:5      | Bought a scroll of identify for 22 gold pieces
  5449 | D:5      | Bought a scroll of teleportation for 33 gold pieces
  5671 | D:5      | HP: 1/74 [black bear (4)]
  5903 | D:6      | Found a radiant altar of Vehumet.
  5969 | D:6      | Reached skill level 12 in Axes
  5969 | D:6      | Reached XP level 9. HP: 67/82 MP: 9/9
  6556 | D:6      | Noticed Maggie
  6569 | D:6      | Killed Maggie
  7314 | D:7      | Reached skill level 13 in Axes
  7375 | D:7      | Found a staircase to the Ecumenical Temple.
  7473 | D:7      | Found Ugoggos's Fire Supplies.
  7800 | D:7      | Noticed Joseph
  7820 | D:7      | Killed Joseph
  8339 | Temple   | Entered the Ecumenical Temple
  8561 | D:8      | Found Cudar's Jewellery Shop.
  8569 | D:8      | Reached skill level 14 in Axes
  8569 | D:8      | Reached XP level 10. HP: 91/93 MP: 10/10
  8682 | D:8      | Found a hide-covered altar of Uskayaw.
  8990 | D:8      | Found a bloodstained altar of Trog.
  9117 | D:8      | Reached skill level 10 in Fighting
  9215 | D:8      | HP: 1/93 [something (4)]
  9215 | D:8      | Slain by a vampire

Illustrated notes

Levels and vault maps discovered:
D:1:      minmay_arrival_nine_rooms, layout_loops_cross, basic_ecumenical_altar,
          serial_shops, shop_fountains
D:2:      layout_basic
D:3:      layout_rooms, pdpol_temple_overflow_zin_treasury_gozag_greed,
          mainiacjoe_overflow_boulevard, minitemple
D:4:      cheibrodos_thug_alley, layout_basic
D:5:      minmay_goblin_kobold_castle, layout_rooms, serial_shops,
          nicolae_shop_hallway_plus, nicolae_half_adder
D:6:      layout_cave_pools, vehumet_altar_wand_db,
          nicolae_kite_square_tiling_tiny, chequers_serial_rivers_large_b,
          nicolae_zen_rock_garden, uniq_maggie
D:7:      layout_cave_pods, temple_fountains, nicolae_shop_fire_sale
          [nicolae_sub_dead_trees], uniq_joseph
D:8:      layout_loops_ring, mainiacjoe_overflow_small_starburst,
          lemuel_tele_altar, serial_shops, nicolae_shop_advertising_works
          [nicolae_subvault_shop_adworks], minmay_misc_feat_iff,
          nzn_life_drinkers
Temple:   chequers_temple_sunken

Skill      XL: |  1  2  3  4  5  6  7  8  9 10 |
---------------+-------------------------------+-----
Axes           | 3 4 5 6 8 9 12 14 | 14.2
Fighting       | 4 5 6 7 8 9 10 | 10.0
Armour         | 4 |  4.7
Shields        | 4 |  4.7

Action                   |  1- 3 |  4- 6 |  7- 9 | 10-12 || total
-------------------------+-------+-------+-------+-------++-------
Melee: War axe           |    73 |   177 |   439 |    30 ||   719
Throw: Dart              |       |       |       |     5 ||     5
Invok: Sacrifice Stealth |       |       |     1 |       ||     1
       Reject Sacrifices |       |       |     1 |       ||     1
  Use: Potion            |       |     5 |     2 |     4 ||    11
       Scroll            |       |       |     3 |       ||     3
Armor: Scale mail        |    35 |    83 |   190 |       ||   308
       Swamp dragon scal |       |       |    46 |    19 ||    65
Dodge: Dodged            |    30 |    84 |   192 |     6 ||   312
Block: Buckler           |    19 |    59 |    89 |     5 ||   172

Table legend: (Time is in decaauts)
 A = Elapsed time spent in this place.
 B = Non-inter-level travel time spent in this place.
 C = Inter-level travel time spent in this place.
 D = Time resting spent in this place.
 E = Time spent auto-exploring this place.
 F = Levels seen in this place.
 G = Mean time per level.
                   A        B        C        D        E       F      G
               +--------+--------+--------+--------+--------+-----+--------+
         Total |   9303 |   8814 |    489 |   1943 |   4930 |   9 | 1033.7 |
       Dungeon |   9114 |   8662 |    452 |   1943 |   4785 |   8 | 1139.2 |
        Temple |    188 |    151 |     37 |      0 |    145 |   1 |  188.0 |
               +--------+--------+--------+--------+--------+-----+--------+

Top non-repeatable levels by time:
     D:5: 2008 daAuts
     D:4: 1401 daAuts
     D:7: 1286 daAuts
     D:2: 1101 daAuts
     D:3: 996 daAuts
     D:6: 987 daAuts
     D:1: 683 daAuts
     D:8: 648 daAuts
  Temple: 188 daAuts
